General information
- name: BNet
- type: Ladder team game (AT/RT)
- host: Battle.net
- saver: Lowlife
map: DragonFalls
- players: 8
- length: 38:00
- speed: Fast
- version: 1.28 W3XP
- replay type: Public
» download(321 KB)
Players
team 1 (loser)

»
Vicius (
teal | 35 APM | 1321 actions | 37:59)
6 Keeper of the Grove
2 Force of Nature
3 Thorns Aura
1 Tranquility
4 Priestess of the Moon
2 Trueshot Aura
2 Searing Arrows
1 Shadow Hunter
1 Healing Wave
» actions
| Basic commands | 137 | |
| Build / train | 43 | |
| Enter build submenu | 21 | |
| Enter hero's abilities submenu | 11 | |
| Right click | 719 | |
| Select / deselect | 349 | |
| Use ability | 41 | |
1321 total
» units
» upgrades
| Strength of the Wild | 2 | |
| Reinforced Hides | 2 | |
| Corrosive Breath | 1 | |
| Barrage | 1 | |
6 total
» buildings
| Altar of Elders | 1 | |
| Moon Well | 11 | |
| Ancient of War | 1 | |
| Tree of Ages | 1 | |
| Tree of Eternity | 1 | |
| Ancient of Wind | 1 | |
| Chimaera Roost | 2 | |
| Hunter's Hall | 1 | |
| Ancient of Wonders | 1 | |
| Tree of Life | 2 | |
22 total
» build order
00:23 Altar of Elders
00:37 Moon Well
00:53 Ancient of War
01:40 Moon Well
02:46 Tree of Ages
03:01 Moon Well
03:36 Moon Well
04:52 Moon Well
05:27 Moon Well
05:30 Tree of Eternity
06:37 Ancient of Wind
07:53 Chimaera Roost
07:57 Chimaera Roost
08:08 Hunter's Hall
13:51 Moon Well
15:39 Ancient of Wonders
18:51 Tree of Life
20:03 Moon Well
22:43 Tree of Life
25:05 Moon Well
25:07 Moon Well
25:11 Moon Well
» items
Dharma (
orange | 54 APM | 2061 actions | 37:59)
6 Blademaster
3 Wind Walk
2 Critical Strike
1 Bladestorm
7 Shadow Hunter
3 Hex
3 Healing Wave
1 Big Bad Voodoo
1 Tauren Chieftain
1 Endurance Aura
2 Far Seer
2 Chain Lighting
2 Blood Mage
1 Banish
1 Summon Phoenix
» actions
| Basic commands | 305 | |
| Build / train | 111 | |
| ESC pressed | 5 | |
| Enter build submenu | 32 | |
| Enter hero's abilities submenu | 20 | |
| Give item / drop item | 5 | |
| Right click | 882 | |
| Select / deselect | 524 | |
| Use ability | 177 | |
2061 total
» units
| Peon | 10 | |
| Wind Rider | 30 | |
| Goblin Shredder | 1 | |
| Rifleman | 7 | |
48 total
» upgrades
| Ranged Weapons | 4 | |
| Armor | 5 | |
| Envenomed Spears | 2 | |
| Long Rifles | 1 | |
| Reinforced Defenses | 1 | |
| Masonry | 1 | |
14 total
» buildings
| Altar of Storms | 1 | |
| Orc Burrow | 9 | |
| Voodoo Lounge | 1 | |
| War Mill | 1 | |
| Stronghold | 1 | |
| Great Hall | 1 | |
| Beastiary | 7 | |
| Fortress | 1 | |
| Watch Tower | 6 | |
| Workshop | 2 | |
| Town Hall | 2 | |
| Scout Tower | 4 | |
| Lumber Mill | 1 | |
| Farm | 4 | |
41 total
» build order
01:16 Altar of Storms
01:23 Orc Burrow
01:52 Voodoo Lounge
02:39 War Mill
02:45 Stronghold
02:51 Orc Burrow
03:55 Orc Burrow
04:56 Great Hall
05:08 Beastiary
05:09 Beastiary
05:14 Beastiary
09:47 Orc Burrow
09:47 Orc Burrow
11:30 Beastiary
11:31 Fortress
13:14 Orc Burrow
19:16 Beastiary
19:17 Beastiary
19:20 Orc Burrow
19:20 Orc Burrow
19:23 Beastiary
19:28 Orc Burrow
22:26 Watch Tower
22:26 Watch Tower
22:26 Watch Tower
22:27 Watch Tower
22:28 Watch Tower
22:28 Watch Tower
23:06 Workshop
23:07 Workshop
26:05 Town Hall
28:22 Scout Tower
28:22 Scout Tower
28:23 Scout Tower
28:24 Scout Tower
28:28 Lumber Mill
28:30 Farm
28:30 Farm
28:31 Farm
31:26 Town Hall
31:29 Farm
» items
| Healing Salve | 3 | |
| Lesser Clarity Potion | 6 | |
| Boots of Speed | 1 | |
| Circlet of Nobility | 2 | |
| Scroll of Town Portal | 5 | |
| Potion of Healing | 2 | |
| Potion of Mana | 1 | |
| Potion of Lesser Invulnerability | 2 | |
| Scroll of Healing | 2 | |
24 total
Maroons02 (
green | 49 APM | 887 actions | 18:08)
4 Blood Mage
2 Banish
2 Siphon Mana
» actions
| Assign group hotkey | 17 | |
| Basic commands | 1 | |
| Build / train | 62 | |
| Enter build submenu | 25 | |
| Enter hero's abilities submenu | 4 | |
| Give item / drop item | 1 | |
| Remove unit from queue | 1 | |
| Right click | 337 | |
| Select / deselect | 195 | |
| Select group hotkey | 212 | |
| Use ability | 32 | |
887 total
» units
| Peasant | 20 | |
| Footman | 6 | |
| Rifleman | 6 | |
| Siege Engine | 9 | |
41 total
» upgrades
| Gunpowder | 3 | |
| Armor | 2 | |
| Lumber Harvesting | 1 | |
| Plating | 1 | |
7 total
» buildings
| Altar of Kings | 1 | |
| Barracks | 1 | |
| Farm | 8 | |
| Scout Tower | 6 | |
| Arcane Vault | 1 | |
| Lumber Mill | 3 | |
| Keep | 1 | |
| Blacksmith | 1 | |
| Guard Tower | 2 | |
| Arcane Tower | 1 | |
| Town Hall | 1 | |
| Castle | 1 | |
| Workshop | 2 | |
| Cannon Tower | 2 | |
31 total
» build order
00:11 Altar of Kings
00:32 Barracks
00:46 Farm
01:02 Farm
01:53 Scout Tower
01:57 Arcane Vault
02:12 Farm
02:23 Scout Tower
03:07 Farm
03:11 Scout Tower
04:10 Farm
04:30 Farm
04:36 Lumber Mill
05:10 Keep
05:13 Blacksmith
05:33 Farm
05:59 Farm
06:53 Guard Tower
06:55 Guard Tower
06:57 Arcane Tower
07:44 Town Hall
07:58 Castle
09:41 Workshop
12:07 Workshop
12:16 Lumber Mill
13:15 Scout Tower
14:01 Scout Tower
14:02 Cannon Tower
15:34 Scout Tower
16:06 Cannon Tower
16:16 Lumber Mill
» items
ecvico (
blue | 53 APM | 789 actions | 14:59)
3 Far Seer
2 Feral Spirit
1 Chain Lighting
1 Shadow Hunter
1 Healing Wave
1 Tauren Chieftain
1 Shockwave
» actions
| Assign group hotkey | 9 | |
| Basic commands | 37 | |
| Build / train | 34 | |
| Enter build submenu | 15 | |
| Enter hero's abilities submenu | 6 | |
| Right click | 495 | |
| Select / deselect | 124 | |
| Select group hotkey | 19 | |
| Use ability | 50 | |
789 total
» units
| Peon | 5 | |
| Grunt | 8 | |
| Troll Batrider | 5 | |
18 total
» upgrades
| Melee Weapons | 1 | |
| Berserker Strength | 1 | |
| Pillage | 1 | |
| Liquid Fire | 1 | |
4 total
» buildings
| Altar of Storms | 1 | |
| Orc Burrow | 7 | |
| Barracks | 1 | |
| Voodoo Lounge | 1 | |
| War Mill | 1 | |
| Stronghold | 1 | |
| Watch Tower | 4 | |
| Fortress | 1 | |
| Beastiary | 1 | |
18 total
» build order
00:04 Altar of Storms
00:07 Orc Burrow
00:49 Barracks
01:24 Voodoo Lounge
01:50 Orc Burrow
03:22 Orc Burrow
03:45 War Mill
04:35 Stronghold
06:00 Watch Tower
06:01 Watch Tower
08:24 Fortress
08:31 Beastiary
09:48 Watch Tower
09:54 Orc Burrow
09:55 Orc Burrow
09:59 Watch Tower
10:01 Orc Burrow
10:04 Orc Burrow
» items
| Healing Salve | 1 | |
| Boots of Speed | 1 | |
2 total
team 2 (winner)

»
PayCheque (
yellow | 72 APM | 2389 actions | 33:14)
6 Mountain King
3 Storm Bolt
2 Thunder Clap
1 Avatar
5 Paladin
3 Holy Light
2 Divine Shield
» actions
| Assign group hotkey | 56 | |
| Basic commands | 129 | |
| Build / train | 112 | |
| ESC pressed | 8 | |
| Enter build submenu | 32 | |
| Enter hero's abilities submenu | 11 | |
| Give item / drop item | 2 | |
| Remove unit from queue | 2 | |
| Right click | 1254 | |
| Select / deselect | 455 | |
| Select group hotkey | 244 | |
| Use ability | 84 | |
2389 total
» units
| Peasant | 15 | |
| Footman | 6 | |
| Rifleman | 11 | |
| Mortar Team | 2 | |
| Knight | 4 | |
| Flying Machine | 17 | |
55 total
» upgrades
| Masonry | 3 | |
| Defend | 1 | |
| Long Rifles | 1 | |
| Lumber Harvesting | 2 | |
| Gunpowder | 2 | |
| Fragmentation Shards | 1 | |
| Flak Cannons | 1 | |
| Flying Machine Bombs | 1 | |
| Animal War Training | 1 | |
13 total
» buildings
| Altar of Kings | 1 | |
| Farm | 11 | |
| Barracks | 2 | |
| Lumber Mill | 1 | |
| Scout Tower | 12 | |
| Arcane Tower | 2 | |
| Guard Tower | 6 | |
| Arcane Vault | 1 | |
| Town Hall | 2 | |
| Keep | 1 | |
| Blacksmith | 1 | |
| Castle | 2 | |
| Workshop | 2 | |
44 total
» build order
00:13 Altar of Kings
00:15 Farm
00:20 Barracks
01:04 Farm
01:33 Lumber Mill
01:50 Scout Tower
02:07 Scout Tower
02:15 Scout Tower
02:36 Arcane Tower
02:42 Guard Tower
03:02 Farm
03:06 Farm
03:11 Farm
04:06 Arcane Vault
04:28 Town Hall
05:39 Scout Tower
06:07 Scout Tower
06:12 Arcane Tower
06:16 Scout Tower
06:18 Guard Tower
06:35 Farm
07:08 Keep
07:11 Guard Tower
07:27 Blacksmith
08:26 Barracks
08:40 Farm
09:29 Castle
09:29 Castle
10:01 Workshop
10:05 Scout Tower
10:05 Scout Tower
10:07 Scout Tower
11:35 Guard Tower
11:42 Farm
11:43 Farm
11:43 Farm
11:44 Farm
12:21 Scout Tower
12:22 Scout Tower
12:24 Scout Tower
12:52 Guard Tower
14:21 Guard Tower
16:48 Workshop
31:39 Town Hall
» items
| Scroll of Regeneration | 5 | |
| Lesser Clarity Potion | 4 | |
| Scroll of Town Portal | 2 | |
| Potion of Healing | 1 | |
| Potion of Mana | 1 | |
13 total
Lowlife (
purple | 23 APM | 892 actions | 38:00)
» actions
| Assign group hotkey | 10 | |
| Basic commands | 2 | |
| Build / train | 51 | |
| Enter build submenu | 42 | |
| Remove unit from queue | 1 | |
| Right click | 351 | |
| Select / deselect | 262 | |
| Select group hotkey | 117 | |
| Use ability | 56 | |
892 total
» units
| Peasant | 8 | |
| Goblin Zeppelin | 4 | |
| Goblin Shredder | 1 | |
| Green Dragon | 2 | |
| Flying Machine | 15 | |
30 total
» upgrades
| Masonry | 3 | |
| Lumber Harvesting | 2 | |
| Gunpowder | 3 | |
| Plating | 3 | |
| Flak Cannons | 1 | |
| Flying Machine Bombs | 1 | |
13 total
» buildings
| Lumber Mill | 2 | |
| Scout Tower | 10 | |
| Arcane Tower | 2 | |
| Guard Tower | 2 | |
| Keep | 2 | |
| Altar of Kings | 2 | |
| Castle | 1 | |
| Farm | 16 | |
| Blacksmith | 4 | |
| Workshop | 4 | |
| Town Hall | 2 | |
47 total
» build order
00:34 Lumber Mill
00:38 Lumber Mill
00:44 Scout Tower
00:47 Scout Tower
00:50 Scout Tower
00:53 Scout Tower
00:56 Scout Tower
01:12 Scout Tower
01:22 Scout Tower
01:24 Scout Tower
01:42 Arcane Tower
02:02 Scout Tower
02:11 Guard Tower
03:46 Guard Tower
03:57 Keep
04:01 Scout Tower
04:53 Arcane Tower
07:13 Altar of Kings
09:29 Castle
11:44 Farm
11:54 Farm
12:22 Farm
12:23 Farm
12:24 Farm
15:35 Blacksmith
15:38 Blacksmith
22:13 Workshop
22:13 Workshop
22:15 Workshop
22:18 Workshop
22:43 Farm
22:43 Farm
22:44 Farm
22:44 Farm
24:32 Farm
24:43 Town Hall
24:59 Farm
25:00 Farm
25:26 Farm
25:29 Farm
25:29 Farm
25:32 Farm
26:19 Keep
26:41 Blacksmith
26:44 Blacksmith
27:02 Altar of Kings
27:27 Town Hall
KiLLdumbALLiES (
pink | 80 APM | 3049 actions | 37:59)
8 Death Knight
3 Death Coil
3 Unholy Aura
1 Animate Dead
1 Death Pact
5 Dark Ranger
2 Black Arrow
3 Silence
» actions
| Assign group hotkey | 147 | |
| Basic commands | 77 | |
| Build / train | 77 | |
| Enter build submenu | 52 | |
| Enter hero's abilities submenu | 13 | |
| Give item / drop item | 1 | |
| Remove unit from queue | 10 | |
| Right click | 1187 | |
| Select / deselect | 482 | |
| Select group hotkey | 882 | |
| Use ability | 121 | |
3049 total
» units
| Acolyte | 7 | |
| Ghoul | 1 | |
| Crypt Fiend | 11 | |
| Goblin Shredder | 2 | |
| Obsidian Statue | 3 | |
| Goblin Sapper | 3 | |
| Meatwagon | 2 | |
| Gargoyle | 6 | |
35 total
» upgrades
| Burrow | 1 | |
| Web | 1 | |
| Creature Attack | 3 | |
| Creature Carapace | 2 | |
| Destroyer Form | 1 | |
8 total
» buildings
| Graveyard | 2 | |
| Crypt | 5 | |
| Ziggurat | 18 | |
| Altar of Darkness | 2 | |
| Necropolis | 6 | |
| Spirit Tower | 4 | |
| Halls of the Dead | 2 | |
| Tomb of Relics | 4 | |
| Black Citadel | 1 | |
| Slaughterhouse | 2 | |
46 total
» build order
00:09 Graveyard
00:18 Crypt
00:44 Ziggurat
01:04 Altar of Darkness
01:52 Ziggurat
03:34 Necropolis
03:37 Spirit Tower
04:31 Halls of the Dead
07:58 Necropolis
08:29 Tomb of Relics
09:41 Ziggurat
09:56 Ziggurat
09:58 Tomb of Relics
10:00 Tomb of Relics
10:05 Crypt
11:06 Spirit Tower
11:35 Black Citadel
11:39 Slaughterhouse
12:58 Slaughterhouse
15:33 Ziggurat
15:41 Ziggurat
16:19 Tomb of Relics
17:17 Spirit Tower
19:51 Ziggurat
19:51 Ziggurat
19:51 Ziggurat
20:47 Ziggurat
21:15 Necropolis
21:17 Ziggurat
22:47 Ziggurat
26:30 Necropolis
28:36 Crypt
28:38 Crypt
28:41 Halls of the Dead
29:52 Altar of Darkness
29:54 Ziggurat
29:54 Ziggurat
31:02 Ziggurat
31:39 Graveyard
32:44 Ziggurat
32:46 Crypt
33:28 Spirit Tower
33:31 Ziggurat
35:21 Necropolis
35:38 Necropolis
36:20 Ziggurat
» items
| Orb of Corruption | 1 | |
| Scroll of Town Portal | 3 | |
| Potion of Healing | 1 | |
| Boots of Speed | 1 | |
| Staff of Teleportation | 1 | |
7 total
TRUMPS_A_RETARD (
red | 37 APM | 1410 actions | 37:59)
8 Blademaster
1 Wind Walk
3 Critical Strike
3 Mirror Image
1 Bladestorm
» actions
| Build / train | 130 | |
| Enter build submenu | 37 | |
| Enter hero's abilities submenu | 8 | |
| Give item / drop item | 7 | |
| Remove unit from queue | 2 | |
| Right click | 736 | |
| Select / deselect | 394 | |
| Use ability | 96 | |
1410 total
» units
| Peon | 43 | |
| Grunt | 10 | |
| Troll Headhunter/Berserker | 20 | |
| Goblin Zeppelin | 1 | |
| Shaman | 2 | |
76 total
» upgrades
| Pillage | 1 | |
| Armor | 3 | |
| Berserker Strength | 1 | |
| Troll Regeneration | 1 | |
| Melee Weapons | 1 | |
| Ranged Weapons | 3 | |
| Berserker Upgrade | 1 | |
| Shaman Training | 2 | |
| Spiked Barricades | 1 | |
14 total
» buildings
| Altar of Storms | 3 | |
| Orc Burrow | 13 | |
| Barracks | 5 | |
| Voodoo Lounge | 3 | |
| War Mill | 3 | |
| Stronghold | 2 | |
| Great Hall | 3 | |
| Fortress | 1 | |
| Spirit Lodge | 1 | |
| Watch Tower | 4 | |
38 total
» build order
00:17 Altar of Storms
00:23 Orc Burrow
00:49 Barracks
01:42 Orc Burrow
02:07 Barracks
02:19 Voodoo Lounge
03:56 Orc Burrow
04:22 War Mill
04:46 Stronghold
06:06 Orc Burrow
06:56 Great Hall
07:56 Fortress
09:00 Orc Burrow
10:07 Spirit Lodge
18:34 Orc Burrow
18:45 Altar of Storms
19:44 Orc Burrow
19:58 Great Hall
20:12 Voodoo Lounge
20:54 War Mill
21:23 Barracks
21:48 Barracks
21:51 Barracks
22:35 Orc Burrow
23:50 Orc Burrow
24:48 Stronghold
25:10 Orc Burrow
25:58 Watch Tower
26:04 Watch Tower
26:13 Watch Tower
26:19 Watch Tower
27:12 Orc Burrow
29:21 Altar of Storms
29:39 Great Hall
30:07 War Mill
30:59 Orc Burrow
31:58 Orc Burrow
33:12 Voodoo Lounge
» items
| Healing Salve | 4 | |
| Boots of Speed | 1 | |
| Potion of Lesser Invulnerability | 3 | |
| Circlet of Nobility | 1 | |
| Scroll of Town Portal | 4 | |
| Orb of Lightning | 1 | |
| Potion of Healing | 5 | |
| Lesser Clarity Potion | 2 | |
| Potion of Mana | 2 | |
| Periapt of Vitality | 1 | |
24 total
Chat log
(12:24 / Allies) KiLLdumbALLiES: 3 at top
(12:28 / Allies) KiLLdumbALLiES: shold hit bottom
(15:00 / Allies) KiLLdumbALLiES: b
(16:33 / Allies) KiLLdumbALLiES: tanks
(16:40 / Allies) PayCheque: no wood
(16:47 / Allies) TRUMPS_A_RETARD: tp
(17:37 / All) Maroons02: desperately her struggled to stop the steam
(18:36 / All) Dharma: drop hacking?
(18:39 / All) KiLLdumbALLiES: lol
(18:43 / All) KiLLdumbALLiES: theyre quitting
(18:49 / All) KiLLdumbALLiES: are u not watching the game?
(25:37 / Allies) TRUMPS_A_RETARD: tp?
(26:34 / Allies) PayCheque: get together
(30:26 / Allies) PayCheque: gg
(31:14 / Allies) TRUMPS_A_RETARD: spare gold 4 hero
(31:29 / Allies) TRUMPS_A_RETARD: thx
(31:38 / All) Dharma: did u see
(31:41 / All) Dharma: the drop hacking?
(31:48 / All) PayCheque: from who
(32:13 / Allies) KiLLdumbALLiES: chims cant attack air
(37:05 / All) Dharma: we would of won easy
(37:09 / All) Dharma: if you guys didnt luck out
(37:14 / All) KiLLdumbALLiES: watch replay
(37:18 / All) KiLLdumbALLiES: purple jacking off most of game
(37:24 / All) Lowlife: I literally was
(37:39 / Allies) Lowlife: run
(37:40 / Allies) Lowlife: run
(37:41 / Allies) Lowlife: run